[Event "ICC tourney 2556 (25 5)"]
[Site "Internet Chess Club"]
[Date "2021.05.09"]
[Round "8"]
[White "SHANMUGAM, MEERA:K05-16606945"]
[Black "REN, JOCELYN:K05-16899282"]
[Result "1-0"]
[ICCResult "Black resigns"]
[WhiteElo "1579"]
[BlackElo "1234"]
[Opening "Ruy Lopez: 5.O-O"]
[ECO "C78"]
[NIC "RL.12"]
[Time "17:31:01"]
[PlyCount "61"]
[TimeControl "1500+5"]

1. e4 e5 2. Nf3 Nc6 3. Bb5 a6 4. Ba4 Nf6 5. O-O b5 6. Bb3 Bc5 7. a4 b4 8.
Nxe5 Nxe5 9. d4 Bb6 10. dxe5 Nxe4 11. Qd5 O-O 12. Qxa8 c6 13. Nd2 Nc5 14.
Qb8 Bc7 15. Qxb4 Nxb3 16. Nxb3 Bxe5 17. Re1 d6 18. Bf4 c5 19. Qe4 Bxb2 20.
Rad1 Bd7 21. Bxd6 Re8 22. Be7 Qc7 23. Nxc5 Bc6 24. Bd6 Rxe4 25. Bxc7 Rxe1+
26. Rxe1 Bc3 27. Rd1 h6 28. Rd6 Bxa4 29. Nxa4 Bb4 30. Rxa6 Bd2 31. c4 {
Black resigns } 1-0

[Event "ICC tourney 2556 (25 5)"]
[Site "Internet Chess Club"]
[Date "2021.05.09"]
[Round "8"]
[White "KASALA, RUTHVIK:K05-16909342"]
[Black "PANDE, RAYANSH:K05-16097942"]
[Result "1-0"]
[ICCResult "Black checkmated"]
[WhiteElo "867"]
[BlackElo "1097"]
[Opening "KP: Patzer opening"]
[ECO "C20"]
[NIC "KP.10"]
[Time "17:31:24"]
[PlyCount "131"]
[TimeControl "1500+5"]

1. e4 e5 2. Qh5 Nc6 3. Bc4 g6 4. Qf3 Nf6 5. Ne2 Bg7 6. d3 d6 7. h3 O-O 8.
Nbc3 Qe7 9. Bg5 a6 10. Nd5 Qd8 11. Nxf6+ Bxf6 12. Qxf6 Qxf6 13. Bxf6 Nb4
14. Bb3 a5 15. a3 Nc6 16. O-O Nb8 17. Ng3 Nd7 18. Be7 Re8 19. Bg5 a4 20.
Bc4 Rb8 21. Bb5 Ra8 22. Bxd7 Bxd7 23. h4 h5 24. f3 c6 25. c4 Ra5 26. Bd2
Ra6 27. Rf2 b5 28. Raf1 Be6 29. f4 bxc4 30. fxe5 dxe5 31. dxc4 Bxc4 32. Rc1
Be6 33. Rf3 Rb6 34. Bc3 Bg4 35. Rf6 Kg7 36. Rd6 Re7 37. Bb4 Rc7 38. Ba5 Rb3
39. Bxc7 Rxg3 40. Rdxc6 Re3 41. Bxe5+ Kh7 42. Rc7 Kg8 43. R7c4 Bd7 44. Kf2
Rb3 45. Bc3 Rb8 46. Rb4 Rc8 47. Bd2 Re8 48. Bf4 Kh7 49. Rc7 Be6 50. Rxa4
Kg8 51. Rd4 Kf8 52. Bg5 Kg7 53. Rd8 Rxd8 54. Bxd8 Kh6 55. Bg5+ Kg7 56. a4
Kf8 57. a5 Kg7 58. a6 Bb3 59. a7 Ba4 60. a8=Q Bb5 61. Qa7 Be8 62. b4 Kg8
63. Qb8 Kf8 64. Qd8 Kg7 65. Qxe8 Kh7 66. Rxf7# { Black checkmated } 1-0

[Event "ICC tourney 2556 (25 5)"]
[Site "Internet Chess Club"]
[Date "2021.05.09"]
[Round "8"]
[White "STERN, KEVIN:K05-16419450"]
[Black "JIANG, LUCAS:K05-16314627"]
[Result "0-1"]
[ICCResult "White checkmated"]
[WhiteElo "1393"]
[BlackElo "1953"]
[Opening "Queen's pawn: London system"]
[ECO "A45"]
[NIC "QP.07"]
[Time "17:31:12"]
[PlyCount "72"]
[TimeControl "1500+5"]

1. d4 Nf6 2. Bf4 g6 3. Nc3 d5 4. Qd2 Bg7 5. O-O-O h5 6. f3 Bf5 7. e3 c6 8.
Bd3 Bxd3 9. Qxd3 Qa5 10. e4 Na6 11. a3 dxe4 12. fxe4 O-O 13. h3 Rfd8 14.
Nf3 b5 15. Nb1 Nc5 16. Qe3 Ncxe4 17. g4 Nd6 18. Bh6 Nc4 19. Qf4 Nd5 20. Qg5
Bf6 21. Qd2 Nxd2 22. Bxd2 Qc7 23. gxh5 Nf4 24. Bxf4 Qxf4+ 25. Nbd2 Bxd4 26.
hxg6 Be3 27. gxf7+ Kf8 28. Rhf1 Rxd2 29. Nxd2 Bxd2+ 30. Kb1 Qh6 31. h4 b4
32. axb4 Bxb4 33. c3 Bxc3 34. bxc3 Rb8+ 35. Ka1 c5 36. Rb1 Qa6# { White
checkmated } 0-1

[Event "ICC tourney 2556 (25 5)"]
[Site "Internet Chess Club"]
[Date "2021.05.09"]
[Round "8"]
[White "VELLORE, INAY:K05-15913368"]
[Black "JAIN, KANISHK:K05-16575412"]
[Result "0-1"]
[ICCResult "White forfeits on time"]
[WhiteElo "1427"]
[BlackElo "537"]
[Opening "French: Tarrasch, closed variation"]
[ECO "C05"]
[NIC "FR.16"]
[Time "17:30:06"]
[PlyCount "116"]
[TimeControl "1500+5"]

1. e4 e6 2. d4 d5 3. Nd2 Nf6 4. e5 Nfd7 5. Ngf3 c5 6. c3 Nc6 7. Bb5 Qb6 8.
Bxc6 bxc6 9. O-O Bb7 10. b3 cxd4 11. cxd4 c5 12. Bb2 cxd4 13. Bxd4 Bc5 14.
Bxc5 Nxc5 15. Rc1 Ba6 16. Rc2 Bxf1 17. Qxf1 O-O 18. Nd4 Na6 19. N2f3 Nb4
20. Rb2 Rfc8 21. h3 Nc6 22. Ne2 Na5 23. Ned4 Nc4 24. Rc2 Nxe5 25. Rd2 Nc6
26. Nc2 Qa5 27. Qa1 Nb4 28. Ncd4 Qc5 29. Rd1 Nc2 30. Qb2 Nxd4 31. Nxd4 Qc3
32. Qe2 Qa5 33. Rb1 Qb6 34. Nf3 Rc7 35. Ne5 Rac8 36. Nd3 Rc2 37. Qf3 R2c3
38. g3 Qa6 39. Rd1 Qxa2 40. Qg4 Qxb3 41. Ne5 f5 42. Qh5 Rxg3+ 43. fxg3
Qxg3+ 44. Kf1 Qxe5 45. Re1 Qf4+ 46. Kg1 Qd6 47. Qe2 Qb6+ 48. Kh1 Re8 49.
Qh5 Qc6 50. Kh2 Rf8 51. Qe2 Qd6+ 52. Kg2 Rf6 53. h4 f4 54. Kf3 Qa3+ 55. Kf2
Qg3+ 56. Kf1 Rg6 57. Qb2 Qg1+ 58. Ke2 Rg2+ { White forfeits on time } 0-1

[Event "ICC tourney 2556 (25 5)"]
[Site "Internet Chess Club"]
[Date "2021.05.09"]
[Round "8"]
[White "KASERA, SAANVI:K05-16376033"]
[Black "XAVIER KIM, EVEREST:K05-17350711"]
[Result "1-0"]
[ICCResult "Black checkmated"]
[WhiteElo "951"]
[BlackElo "643"]
[Opening "Bishop's opening"]
[ECO "C23"]
[NIC "IG.04"]
[Time "17:31:40"]
[PlyCount "135"]
[TimeControl "1500+5"]

1. e4 e5 2. Bc4 Nc6 3. d3 d6 4. h3 Nf6 5. Nc3 h6 6. Nf3 Nd4 7. O-O Be7 8.
Be3 Nc6 9. Nh4 Nh7 10. Qh5 O-O 11. Nf5 Bxf5 12. exf5 Nf6 13. Qf3 Nd4 14.
Bxd4 exd4 15. Nd5 c6 16. Nxf6+ Bxf6 17. Rac1 Bg5 18. Rce1 d5 19. Bb3 Re8
20. Qh5 Rxe1 21. Rxe1 Bd2 22. Rf1 Qe7 23. Qd1 Bf4 24. Qf3 Qd6 25. g3 Bd2
26. Qe2 Ba5 27. c4 dxc3 28. bxc3 Bxc3 29. Rc1 Bb4 30. Bc2 Ba3 31. Re1 Bb4
32. Rb1 a5 33. Qg4 Re8 34. Kf1 Qe7 35. Qd1 Qe5 36. d4 Qf6 37. Qg4 b6 38. a4
c5 39. dxc5 bxc5 40. Qf3 Qa6+ 41. Kg2 Qc4 42. Bb3 Qd4 43. Rd1 Bd2 44. Qxd5
Qb2 45. Rxd2 Qf6 46. Qxc5 Qa6 47. Qc7 Qa8+ 48. Bd5 Qb8 49. Qxf7+ Kh8 50. f6
Rg8 51. Qxg8+ Qxg8 52. Bxg8 Kxg8 53. Rd8+ Kf7 54. fxg7 Kxg7 55. h4 Kg6 56.
g4 h5 57. Rd6+ Kh7 58. gxh5 Kg7 59. f4 Kf7 60. Ra6 Ke7 61. Rxa5 Kf6 62. Kg3
Ke6 63. Kg4 Kf6 64. Rf5+ Kg7 65. Kg5 Kh7 66. h6 Kg8 67. Kg6 Kh8 68. Rf8# {
Black checkmated } 1-0

[Event "ICC tourney 2556 (25 5)"]
[Site "Internet Chess Club"]
[Date "2021.05.09"]
[Round "8"]
[White "SONG, BLAISE:K05-17154525"]
[Black "MANTRI, SIDHARTH:K05-16467263"]
[Result "1-0"]
[ICCResult "Black checkmated"]
[WhiteElo "546"]
[BlackElo "901"]
[Opening "Four knights: Spanish, classical defense"]
[ECO "C48"]
[NIC "KP.03"]
[Time "17:30:32"]
[PlyCount "81"]
[TimeControl "1500+5"]

1. e4 e5 2. Nf3 Nc6 3. Bb5 Nf6 4. Nc3 Bc5 5. Bxc6 dxc6 6. O-O Qd6 7. h3 O-O
8. Re1 Be6 9. d3 h6 10. Be3 Bb4 11. a3 Bxc3 12. bxc3 Rad8 13. Rb1 b6 14. a4
Rd7 15. a5 Rfd8 16. axb6 cxb6 17. Bd2 c5 18. d4 exd4 19. cxd4 cxd4 20. e5
Qe7 21. exf6 Qxf6 22. Bf4 Qxf4 23. g3 Qf6 24. Re4 Bxh3 25. Rb4 d3 26. Re3
dxc2 27. Qxc2 Qa1+ 28. Re1 Rd1 29. Qe2 Rxe1+ 30. Nxe1 Rd1 31. Re4 Bg4 32.
Re8+ Kh7 33. Qe4+ g6 34. Kf1 Bh3+ 35. Kg1 Bf5 36. Qe2 Qd4 37. Re7 Kg7 38.
Kg2 Qd2 39. Qe5+ Kg8 40. Re8+ Kh7 41. Qh8# { Black checkmated } 1-0

[Event "ICC tourney 2556 (25 5)"]
[Site "Internet Chess Club"]
[Date "2021.05.09"]
[Round "8"]
[White "J WANG, ALEXANDER:K05-15983386"]
[Black "GOLSEFIDY, SEPEHR:K05-16686975"]
[Result "1/2-1/2"]
[ICCResult "Game drawn by mutual agreement"]
[WhiteElo "2124"]
[BlackElo "1882"]
[Opening "Ruy Lopez: Morphy defense"]
[ECO "C77"]
[NIC "RL.12"]
[Time "17:30:15"]
[PlyCount "110"]
[TimeControl "1500+5"]

1. e4 e5 2. Nf3 Nc6 3. Bb5 a6 4. Ba4 Nf6 5. d4 exd4 6. O-O Be7 7. Re1 O-O
8. Bb3 d6 9. Nxd4 Nxd4 10. Qxd4 b5 11. c3 Bb7 12. Bc2 c5 13. Qd1 Qd7 14.
Bf4 Rfe8 15. Nd2 Qg4 16. Qxg4 Nxg4 17. Rad1 Rad8 18. Nf3 Bf8 19. Rd2 Nf6
20. Rde2 h6 21. h3 Nh5 22. Bh2 f5 23. exf5 Rxe2 24. Rxe2 Bxf3 25. gxf3 Nf6
26. Rd2 d5 27. Be5 Bd6 28. f4 Kf7 29. Bxf6 gxf6 30. Rxd5 Ke7 31. Kg2 Bxf4
32. Rxd8 Kxd8 33. Kf3 Bc1 34. b3 Bb2 35. c4 bxc4 36. bxc4 Ke7 37. Ke4 Kd6
38. Kf4 Bc1+ 39. Ke4 Bb2 40. Ba4 Bc1 41. Be8 Bb2 42. Bf7 Bc1 43. Be6 Bd2
44. Kd3 Bf4 45. Ke4 Bd2 46. f4 Bc1 47. Kf3 Bd2 48. Kg4 Bc1 49. h4 Bd2 50.
Kf3 Bc1 51. Kg4 Bd2 52. Bc8 a5 53. Be6 Bc1 54. Kf3 Bd2 55. Ke4 Bc1 { Game
drawn by mutual agreement } 1/2-1/2

[Event "ICC tourney 2556 (25 5)"]
[Site "Internet Chess Club"]
[Date "2021.05.09"]
[Round "8"]
[White "PEYTON, NATHAN:K05-16452322"]
[Black "SETHI, KANWAR:K05-16874098"]
[Result "1-0"]
[ICCResult "Black resigns"]
[WhiteElo "1481"]
[BlackElo "852"]
[Opening "Sicilian: Alapin's variation (2.c3)"]
[ECO "B22"]
[NIC "SI.46"]
[Time "17:30:31"]
[PlyCount "65"]
[TimeControl "1500+5"]

1. e4 c5 2. c3 d5 3. exd5 Qxd5 4. d4 cxd4 5. cxd4 g6 6. Nf3 Bg7 7. Nc3 Qa5
8. Bf4 Nf6 9. Bb5+ Nbd7 10. O-O O-O 11. h3 Ne4 12. Nd5 a6 13. Nxe7+ Kh8 14.
Nxc8 Qxb5 15. Nd6 Nxd6 16. Bxd6 Rfe8 17. Qd2 Qd5 18. Bg3 Re4 19. Rfe1 Rxe1+
20. Rxe1 Qxa2 21. Re7 Nf6 22. Rxb7 Ne4 23. Qf4 Qb1+ 24. Kh2 Nf6 25. Ng5 h6
26. Nxf7+ Kh7 27. Nxh6 Nh5 28. Qg5 Qe4 29. Re7 Qxd4 30. Be5 Qxf2 31. Bxg7
Nxg7 32. Ng4 Qf5 33. Qh6+ { Black resigns } 1-0

[Event "ICC tourney 2556 (25 5)"]
[Site "Internet Chess Club"]
[Date "2021.05.09"]
[Round "8"]
[White "SHARMA, SUNEET:K05-16802074"]
[Black "LIM, HAYUL:K05-30151794"]
[Result "1-0"]
[ICCResult "Black checkmated"]
[WhiteElo "847"]
[BlackElo "1095"]
[Opening "French defense"]
[ECO "C00"]
[NIC "FR.01"]
[Time "17:30:33"]
[PlyCount "133"]
[TimeControl "1500+5"]

1. e4 e6 2. Nf3 d5 3. exd5 exd5 4. d4 Nf6 5. Nc3 c5 6. dxc5 Bxc5 7. Bg5 d4
8. Nb5 Nc6 9. Bc4 O-O 10. O-O a6 11. Bxf6 Qxf6 12. Nc7 Rb8 13. Nd5 Qg6 14.
Re1 Bh3 15. g3 Rfe8 16. Rxe8+ Rxe8 17. Nc7 Rd8 18. Qd3 Qxd3 19. cxd3 Na5
20. Nd5 Nxc4 21. dxc4 Be6 22. Nf4 Ba7 23. b3 Re8 24. Rd1 Bg4 25. Rd3 Bxf3
26. Rxf3 Bb8 27. Rd3 Bxf4 28. gxf4 Re4 29. f5 g6 30. fxg6 hxg6 31. Kg2 Re2
32. Rxd4 Rxa2 33. Rd7 b5 34. cxb5 axb5 35. Rb7 Rb2 36. Rxb5 Kg7 37. Rb7 Kf6
38. Kf3 Ke6 39. b4 f5 40. b5 Kd5 41. Rb8 Kc5 42. b6 Rxb6 43. Rxb6 Kxb6 44.
Kf4 Kc5 45. Kg5 Kd4 46. Kxg6 Ke4 47. h4 f4 48. h5 Kf3 49. h6 Kxf2 50. h7 f3
51. h8=Q Kg2 52. Qa8 Kg3 53. Qb8+ Kg2 54. Qb7 Kg3 55. Qc7+ Kg2 56. Qc6 Kg3
57. Qd6+ Kg2 58. Qd5 Kg3 59. Qe5+ Kg2 60. Qg5+ Kf1 61. Kf5 f2 62. Ke4 Ke2
63. Qe3+ Kf1 64. Kf3 Kg1 65. Qxf2+ Kh1 66. Qe2 Kg1 67. Qg2# { Black
checkmated } 1-0

[Event "ICC tourney 2556 (25 5)"]
[Site "Internet Chess Club"]
[Date "2021.05.09"]
[Round "8"]
[White "JAICHAND, RISHAB:K05-16786245"]
[Black "WANG, YOURAN:K05-16488667"]
[Result "0-1"]
[ICCResult "White checkmated"]
[WhiteElo "1188"]
[BlackElo "1553"]
[Opening "Sicilian: Alapin's variation (2.c3)"]
[ECO "B22"]
[NIC "SI.46"]
[Time "17:30:57"]
[PlyCount "112"]
[TimeControl "1500+5"]

1. e4 c5 2. c3 Nf6 3. e5 Nd5 4. Bc4 Nb6 5. Be2 Nc6 6. d4 cxd4 7. cxd4 e6 8.
Nf3 d6 9. Bd3 dxe5 10. dxe5 Bb4+ 11. Nc3 Nd5 12. Bd2 Nxc3 13. Bxc3 Be7 14.
Qc2 Nb4 15. Bxb4 Bxb4+ 16. Nd2 Bd7 17. O-O Rc8 18. Qd1 Bc6 19. a3 Qxd3 20.
axb4 Rd8 21. Nf3 Qg6 22. Qe2 a6 23. Rfd1 O-O 24. Qe3 Qc2 25. Nd4 Qe4 26.
Nxc6 Qxc6 27. Rac1 Qa4 28. Qe1 h6 29. h3 Qb3 30. Rd2 Qxb4 31. Rcd1 Rxd2 32.
Rxd2 b5 33. Qe3 a5 34. b3 a4 35. bxa4 bxa4 36. Rd4 Qb1+ 37. Kh2 Qa2 38. Rg4
Kh8 39. Qa7 Qb2 40. Qxa4 Qxe5+ 41. g3 Rg8 42. Qd7 f5 43. Rh4 Qf6 44. Rf4
Rf8 45. Rd4 e5 46. Rd6 Qg5 47. Re6 f4 48. g4 f3 49. Qd6 Qf4+ 50. Kg1 Ra8
51. Qd1 Rc8 52. Re8+ Rxe8 53. Qd7 Ra8 54. Qd1 Rc8 55. Qd8+ Rxd8 56. h4 Rd1#
{ White checkmated } 0-1

[Event "ICC tourney 2556 (25 5)"]
[Site "Internet Chess Club"]
[Date "2021.05.09"]
[Round "8"]
[White "COE, CAMERON:K05-16062903"]
[Black "BHATTACHARJEE, RIJU:K05-16538876"]
[Result "1-0"]
[ICCResult "Black checkmated"]
[WhiteElo "915"]
[BlackElo "1270"]
[Opening "QGD: Marshall defense"]
[ECO "D06"]
[NIC "QP.08"]
[Time "17:30:46"]
[PlyCount "77"]
[TimeControl "1500+5"]

1. d4 d5 2. c4 Nf6 3. cxd5 Nxd5 4. e4 Nb6 5. Nf3 e6 6. Nc3 c5 7. Be3 cxd4
8. Bxd4 Nc6 9. Bb5 Bd7 10. Be3 Bb4 11. Bd2 O-O 12. O-O a6 13. Be2 e5 14. a3
Bd6 15. Be3 Bc7 16. Bg5 f6 17. Be3 f5 18. Bd3 f4 19. Bxb6 Bxb6 20. Qb3+ Kh8
21. Na4 Bc7 22. Nc5 b6 23. Nxa6 Bg4 24. Nxc7 Qxc7 25. Be2 Rab8 26. Rac1 Qb7
27. h3 Bd7 28. Rfd1 g5 29. Bb5 Na5 30. Qa4 Bxb5 31. Qxb5 Rbe8 32. Nxe5 Qxe4
33. Re1 Qa8 34. Qxb6 Rb8 35. Qd4 Kg7 36. Ng4+ Kg6 37. Re6+ Kf7 38. Qf6+ Kg8
39. Nh6# { Black checkmated } 1-0

[Event "ICC tourney 2556 (25 5)"]
[Site "Internet Chess Club"]
[Date "2021.05.09"]
[Round "8"]
[White "KRISHNAN, SHREYANK:K05-16258876"]
[Black "CHIU DOAN, EMILYN:K05-15928816"]
[Result "0-1"]
[ICCResult "White checkmated"]
[WhiteElo "1486"]
[BlackElo "1078"]
[Opening "Queen's pawn game"]
[ECO "D02"]
[NIC "QP.08"]
[Time "17:30:24"]
[PlyCount "170"]
[TimeControl "1500+5"]

1. d4 d5 2. Nf3 e6 3. Nc3 Nf6 4. Bf4 Be7 5. e3 O-O 6. Bd3 h6 7. O-O b6 8.
Nb5 Bd6 9. Bxd6 cxd6 10. Qe1 a6 11. Nc3 Bb7 12. Qd2 b5 13. a3 Ne4 14. Bxe4
dxe4 15. Ne1 d5 16. f3 f5 17. g3 Nc6 18. Ng2 Qd6 19. Nf4 Ne7 20. Qg2 exf3
21. Qxf3 Bc6 22. Rad1 a5 23. Qe2 b4 24. axb4 axb4 25. Nb5 Bxb5 26. Qxb5
Rab8 27. Qd3 Qb6 28. Qe2 Qd6 29. c4 bxc3 30. bxc3 Rbc8 31. Qd3 e5 32. dxe5
Qxe5 33. Rc1 Qe4 34. Qd2 Rf6 35. Rb1 Rfc6 36. Rb7 R6c7 37. Rxc7 Rxc7 38.
Ra1 Kf7 39. Kf2 g5 40. Ne2 g4 41. Nd4 Nc6 42. Nxc6 Qf3+ 43. Kg1 Rxc6 44.
Ra7+ Kg6 45. Ra5 Rd6 46. c4 Qe4 47. Rxd5 Rxd5 48. cxd5 Qb1+ 49. Kf2 Qb7 50.
d6 Qd7 51. Qd5 Kf6 52. Ke2 Qe6 53. Qd4+ Kf7 54. d7 Qa2+ 55. Kd3 Qb3+ 56.
Kd2 Qa2+ 57. Kd3 Qb3+ 58. Qc3 Qxc3+ 59. Kxc3 Ke7 60. Kd4 Kxd7 61. Ke5 Ke7
62. Kxf5 h5 63. Kg5 Ke6 64. Kxh5 Kf5 65. h4 gxh3 66. g4+ Ke5 67. g5 h2 68.
g6 h1=Q+ 69. Kg4 Qh6 70. Kf3 Qxg6 71. Ke2 Qc2+ 72. Kf3 Qd1+ 73. Kf2 Ke4 74.
Kg2 Kxe3 75. Kh3 Qf1+ 76. Kg4 Qf2 77. Kg5 Qf3 78. Kh4 Qg2 79. Kh5 Qg3 80.
Kh6 Qg4 81. Kh7 Qg5 82. Kh8 Ke4 83. Kh7 Ke5 84. Kh8 Kf6 85. Kh7 Qg7# {
White checkmated } 0-1

[Event "ICC tourney 2556 (25 5)"]
[Site "Internet Chess Club"]
[Date "2021.05.09"]
[Round "8"]
[White "XIA, RUOXIAO:K05-16025390"]
[Black "KISHOR MANE, ARNAV:K05-16881843"]
[Result "1-0"]
[ICCResult "Black resigns"]
[WhiteElo "1921"]
[BlackElo "1316"]
[Opening "QGD: exchange, positional line"]
[ECO "D35"]
[NIC "QO.16"]
[Time "17:30:21"]
[PlyCount "115"]
[TimeControl "1500+5"]

1. d4 d5 2. c4 e6 3. Nc3 Nf6 4. cxd5 exd5 5. Bg5 Nbd7 6. e3 Be7 7. Bd3 h6
8. Bh4 O-O 9. Qc2 b6 10. Nge2 Bb7 11. O-O c5 12. f3 Re8 13. Bf2 Rc8 14. Bf5
Bd6 15. Rad1 Qc7 16. Kh1 Ba6 17. Rfe1 cxd4 18. Nxd4 Bxh2 19. f4 Bxf4 20.
exf4 Qxf4 21. Rxe8+ Rxe8 22. Bxd7 Nxd7 23. Nxd5 Qe5 24. Nf3 Qh5+ 25. Kg1
Bb7 26. Ne3 Nf6 27. Qf5 Bxf3 28. Qxf3 Qxf3 29. gxf3 Rc8 30. Kg2 g5 31. Rd6
Nh5 32. Rxh6 Nf4+ 33. Kg3 Kg7 34. Rd6 Rh8 35. Nf5+ Kh7 36. Rh6+ Kg8 37.
Rxh8+ Kxh8 38. Bd4+ Kh7 39. Kg4 Ne6 40. Be3 f6 41. Bd4 Nxd4 42. Nxd4 Kg6
43. Nc6 a5 44. Ne7+ Kf7 45. Nc8 b5 46. Nd6+ Ke6 47. Nxb5 Ke5 48. a4 Kd5 49.
Kf5 Kc4 50. Kxf6 Kb3 51. Kxg5 Kxa4 52. f4 Kxb5 53. f5 Kb4 54. f6 a4 55. f7
Kb3 56. f8=Q Kxb2 57. Qb4+ Kc2 58. Qxa4+ { Black resigns } 1-0

[Event "ICC tourney 2556 (25 5)"]
[Site "Internet Chess Club"]
[Date "2021.05.09"]
[Round "8"]
[White "GORDON, SAMMY:K05-16134625"]
[Black "VEMPARALA, NIKASH:K05-16438800"]
[Result "0-1"]
[ICCResult "White resigns"]
[WhiteElo "1397"]
[BlackElo "1764"]
[Opening "QGD semi-Slav"]
[ECO "D43"]
[NIC "SL.03"]
[Time "17:30:27"]
[PlyCount "86"]
[TimeControl "1500+5"]

1. d4 d5 2. c4 c6 3. Nf3 Nf6 4. Nc3 e6 5. cxd5 exd5 6. Bf4 Bd6 7. Ne5 Bf5
8. Qb3 Qc7 9. Rc1 Qe7 10. e3 O-O 11. Be2 Re8 12. O-O Ne4 13. Nxe4 Bxe4 14.
f3 Bf5 15. e4 Be6 16. Qd3 f6 17. Ng6 hxg6 18. Bxd6 Qxd6 19. e5 fxe5 20.
Qxg6 Nd7 21. Bd3 Nf6 22. h4 Bf7 23. Qg3 Rad8 24. Bf5 exd4 25. f4 Ne4 26.
Qg4 Qf6 27. Rf3 Nd6 28. Bd3 Re3 29. h5 Rxf3 30. gxf3 Be6 31. Qg3 Bf5 32.
Bxf5 Nxf5 33. Qg5 Qxg5+ 34. fxg5 Re8 35. Kf2 Kf7 36. Rh1 Rh8 37. f4 c5 38.
Kf3 c4 39. Kg4 Ne3+ 40. Kf3 Ke6 41. Ke2 Nf5 42. Kf3 b5 43. Ke2 Ng3+ { White
resigns } 0-1

[Event "ICC tourney 2556 (25 5)"]
[Site "Internet Chess Club"]
[Date "2021.05.09"]
[Round "8"]
[White "HAN WU, SEAN:K05-16802870"]
[Black "ARAVINDAKSHAN, SAHANA:K05-16741147"]
[Result "0-1"]
[ICCResult "White checkmated"]
[WhiteElo "1046"]
[BlackElo "1587"]
[Opening "Scotch: Mieses variation"]
[ECO "C45"]
[NIC "SO.04"]
[Time "17:30:16"]
[PlyCount "132"]
[TimeControl "1500+5"]

1. e4 e5 2. Nf3 Nc6 3. d4 exd4 4. Nxd4 Nf6 5. Nxc6 bxc6 6. e5 Qe7 7. Qe2
Nd5 8. c4 Ba6 9. b3 g6 10. Bb2 Bg7 11. Qe4 Nf6 12. Qd3 O-O 13. Be2 Nd5 14.
Qg3 Nb6 15. O-O Rae8 16. f4 d6 17. Bf3 dxe5 18. fxe5 Bxe5 19. Bxe5 Qc5+ 20.
Kh1 Qxe5 21. Qxe5 Rxe5 22. Bxc6 Rd8 23. Nc3 Rd6 24. Bd5 Nxd5 25. Nxd5 Rexd5
26. cxd5 Bxf1 27. Rxf1 Rxd5 28. Rc1 Rd2 29. h3 Rd7 30. Kh2 Kf8 31. Kg3 Ke7
32. Kf4 Kd8 33. Kg5 Rd2 34. Kf6 Rxa2 35. Kxf7 Rxg2 36. Kg7 Rg3 37. Kxh7
Rxh3+ 38. Kxg6 Rxb3 39. Ra1 Rb7 40. Kf5 Kc8 41. Ke6 Rb6+ 42. Kd5 Kb7 43.
Kc5 Rc6+ 44. Kb5 Rb6+ 45. Kc5 a6 46. Ra5 c6 47. Kc4 Rb5 48. Ra4 Kb6 49. Ra1
a5 50. Ra4 c5 51. Kc3 Rb4 52. Ra1 a4 53. Kc2 Kb5 54. Kc3 c4 55. Kc2 Rb3 56.
Ra2 Kb4 57. Kc1 c3 58. Ra1 a3 59. Rb1 Rxb1+ 60. Kxb1 Kc4 61. Ka1 Kd3 62.
Kb1 c2+ 63. Ka2 c1=Q 64. Kb3 Qb2+ 65. Ka4 a2 66. Ka5 a1=R# { White
checkmated } 0-1

[Event "ICC tourney 2556 (25 5)"]
[Site "Internet Chess Club"]
[Date "2021.05.09"]
[Round "8"]
[White "YANG, JON:K05-16665853"]
[Black "SHETTY, DARSH:K05-16728985"]
[Result "0-1"]
[ICCResult "White checkmated"]
[WhiteElo "1086"]
[BlackElo "1431"]
[Opening "Ruy Lopez: closed defense"]
[ECO "C84"]
[NIC "RL.13"]
[Time "17:30:17"]
[PlyCount "104"]
[TimeControl "1500+5"]

1. e4 e5 2. Nf3 Nc6 3. Bb5 a6 4. Ba4 Nf6 5. O-O Be7 6. c3 b5 7. Bc2 d6 8.
d4 exd4 9. cxd4 Bg4 10. Be3 O-O 11. Nc3 Rb8 12. h3 Bh5 13. Kh1 b4 14. Ne2
d5 15. e5 Ne4 16. Nd2 Nxd2 17. Qxd2 Na5 18. b3 Nb7 19. f4 Bxe2 20. Qxe2 a5
21. f5 Bg5 22. f6 gxf6 23. Bxg5 fxg5 24. Qh5 f5 25. exf6 Qd7 26. Qxg5+ Kh8
27. Bf5 Qf7 28. Be6 Qg6 29. Qe5 Nd6 30. Rf3 Nf7 31. Qxc7 Ng5 32. Bf5 Qxf6
33. h4 Nf7 34. Raf1 Qd6 35. Qd7 Qxd7 36. Bxd7 Kg7 37. Rg3+ Kh8 38. Be6 Nd6
39. Rxf8+ Rxf8 40. Bxd5 h6 41. Rg6 Nf5 42. g4 Nxd4 43. Rxh6+ Kg7 44. Ra6
Ne2 45. Ra7+ Kh6 46. g5+ Kh5 47. Rh7+ Kg4 48. Be6+ Kg3 49. Rf7 Rh8 50. Rf2
Rxh4+ 51. Bh3 Rxh3+ 52. Rh2 Rxh2# { White checkmated } 0-1

[Event "ICC tourney 2556 (25 5)"]
[Site "Internet Chess Club"]
[Date "2021.05.09"]
[Round "8"]
[White "ULUGBEKOVICH KHASANOV, ALISHER:K05-17028741"]
[Black "ROY, AYUSH:K05-16710940"]
[Result "1/2-1/2"]
[ICCResult "Game drawn because neither player has mating material"]
[WhiteElo "1227"]
[BlackElo "1548"]
[Opening "English: symmetrical variation"]
[ECO "A30"]
[NIC "EO.64"]
[Time "17:31:05"]
[PlyCount "162"]
[TimeControl "1500+5"]

1. c4 c5 2. Nf3 Nc6 3. g3 Nf6 4. Bg2 e6 5. O-O d5 6. cxd5 exd5 7. Nc3 d4 8.
Nb5 a6 9. Na3 Be7 10. d3 O-O 11. e3 Bg4 12. h3 Bh5 13. exd4 Nxd4 14. Re1
Re8 15. g4 Nxf3+ 16. Bxf3 Bg6 17. Bxb7 Ra7 18. Bc6 Rf8 19. Bf4 Bd6 20. Qf3
Bxf4 21. Qxf4 Qxd3 22. Qf3 Qxf3 23. Bxf3 h6 24. Rac1 Rc7 25. Rc3 Rfc8 26.
Rec1 Ne4 27. Bxe4 Bxe4 28. Nc4 Bg6 29. Ne5 Be4 30. b4 c4 31. Rxc4 Rxc4 32.
Rxc4 Rxc4 33. Nxc4 Bd5 34. Ne3 Bxa2 35. Kg2 Kh7 36. Kf3 Kg6 37. Ke4 Bb1+
38. Ke5 Kg5 39. Ng2 Bd3 40. f4+ Kg6 41. h4 f6+ 42. Kd4 Bb5 43. Ne3 Kf7 44.
Kc5 Be2 45. f5 g6 46. fxg6+ Kxg6 47. Kd6 h5 48. gxh5+ Bxh5 49. Nd5 Kf5 50.
Ke7 Bf3 51. Nxf6 Ke5 52. Nd7+ Kd5 53. Nb8 Be2 54. Kd7 Kc4 55. Nxa6 Kb5 56.
Nc7+ Kxb4 57. Kd6 Kc4 58. Ke5 Kd3 59. Kf4 Kd4 60. Ne6+ Kd5 61. Ng5 Bh5 62.
Kf5 Kd6 63. Ne4+ Ke7 64. Kg5 Bd1 65. Nf2 Bf3 66. Ng4 Bxg4 67. Kxg4 Kf6 68.
Kh5 Kg7 69. Kg5 Kh7 70. h5 Kg7 71. h6+ Kh7 72. Kh5 Kh8 73. Kg6 Kg8 74. Kg5
Kh7 75. Kh5 Kh8 76. Kg5 Kh7 77. Kh5 Kh8 78. Kg6 Kg8 79. Kf6 Kh7 80. Kg5 Kh8
81. h7 Kxh7 { Game drawn because neither player has mating material }
1/2-1/2

[Event "ICC tourney 2556 (25 5)"]
[Site "Internet Chess Club"]
[Date "2021.05.09"]
[Round "8"]
[White "HONG, LUKE:K05-16894950"]
[Black "GUDAVALLI, SAATVIK:K05-16242267"]
[Result "1-0"]
[ICCResult "Black checkmated"]
[WhiteElo "1346"]
[BlackElo "962"]
[Opening "Ruy Lopez: Trajkovic counter-attack"]
[ECO "C70"]
[NIC "RL.09"]
[Time "17:30:43"]
[PlyCount "151"]
[TimeControl "1500+5"]

1. e4 e5 2. Nf3 Nc6 3. Bb5 a6 4. Ba4 b5 5. Bb3 Bb7 6. O-O Be7 7. Re1 Nf6 8.
Nc3 O-O 9. Nd5 d6 10. d4 exd4 11. Nxd4 Qd7 12. Nxc6 Bxc6 13. Nxe7+ Qxe7 14.
Bg5 h6 15. Bh4 Rad8 16. Qf3 Kh8 17. Bd5 Bd7 18. Bxf6 Qxf6 19. Qxf6 gxf6 20.
Re3 a5 21. Rf3 c6 22. Rxf6 Kg7 23. Rxd6 cxd5 24. Rd1 Bg4 25. R1xd5 Rxd6 26.
Rxd6 Re8 27. f3 Bh5 28. Rd5 Bg6 29. Rxb5 a4 30. Ra5 Rc8 31. c3 Rb8 32. Rxa4
Rxb2 33. g3 Rc2 34. Ra3 f6 35. Ra7+ Bf7 36. a4 Rxc3 37. Kf2 Ra3 38. a5 Kf8
39. Ra8+ Ke7 40. a6 Be8 41. a7 Bc6 42. Rc8 Kd7 43. Rf8 Rxa7 44. Rf7+ Kd6
45. Rxa7 Ke6 46. Ra6 Kd6 47. f4 h5 48. Ke3 Kc7 49. Kd4 Kb7 50. Ra5 Kb6 51.
Rxh5 Be8 52. Rh6 Kc7 53. Rxf6 Kd7 54. h4 Ke7 55. Rf5 Bd7 56. h5 Bxf5 57.
exf5 Kf7 58. g4 Kg7 59. Ke5 Kf7 60. f6 Kg8 61. g5 Kf7 62. h6 Kg8 63. f5 Kh7
64. Ke6 Kg8 65. f7+ Kf8 66. h7 Kg7 67. g6 Kh6 68. h8=Q+ Kg5 69. f8=Q Kf4
70. g7 Ke4 71. g8=Q Kf4 72. Qh4+ Ke3 73. Qgg3+ Kd2 74. Qfb4+ Ke2 75. Qhh2+
Kd1 76. Qgg1# { Black checkmated } 1-0